cohdb
Replays
Latest Replays
All Replays
Popular Replays
Top Player Replays
Match Explorer
How It Works
Community
CoH3 Stats
Reddit
Sign in to upload your games and track your stats! →
Sign in with Steam
Match 40724038
Unlisted
Match 40724038
Overview
Messages
Build Orders
End
Construct Infanterie Kompanie
Kettenkrad Recon Vehicle
MG 42 Machine Gun Team
Selects Terror Battlegroup
Selects Machine Gun Camouflage
GrW 34 Mortar Team
MG 42 Machine Gun Team
GrW 34 Mortar Team
Medical Station
Construct Panzergrenadier Kompanie
Support Elements
StuG III G Assault Gun
Selects Contempt for the Weak
Panzergrenadier Squad
Nebelwerfer 42 Rocket Launcher Team
Nebelwerfer 42 Rocket Launcher Team
Construct Panzer Kompanie
Stoßtruppen Squad
Selects No Quarter
Selects Jericho Trumpet
Jericho Trumpet
Panzer IV Medium Tank
Stoßtruppen Squad
Selects V1 Rocket Strike
V1 Rocket Strike
Jericho Trumpet
Panzer IV Medium Tank
V1 Rocket Strike
Side Skirts
V1 Rocket Strike
Burgo
RoseFlunder
Allu, M.Sc.
TheLegend27
BringDaRakuS
Krzemas
[GG]Quiq
gAtoR45
0
0
Comments
sign in to comment!
No comments posted yet!